 Dungeon Crawl Stone Soup version 0.28.0-53-g5a82cb258f (webtiles) character file.

Game seed: 5785020111311459264

480 Plasmagod the Magician (level 7, 0/52 HPs)
             Began as a Gnoll Wanderer on Aug 2, 2022.
             Slain by an ogre
             ... wielding a +0 giant club
              (23 damage)
             ... on level 4 of the Dungeon.
             The game lasted 00:08:09 (5046 turns).

Plasmagod the Magician (Gnoll Wanderer)             Turns: 5046, Time: 00:08:10

Health: 0/52       AC:  8    Str: 10    XL:     7   Next: 12%
Magic:  18/18      EV: 14    Int:  9    God:
Gold:   160        SH:  5    Dex: 23    Spells: 21/21 levels left

rFire   . . .      SeeInvis .   a - +0 quarterstaff
rCold   . . .      Faith    .   (shield currently unavailable)
rNeg    . . .      Spirit   .   t - +1 ring mail of the Merchant {Rampage rElec Slay+3}
rPois   +          Reflect  +   (no helmet)
rElec   +          Harm     .   d - +0 cloak
rCorr   +          Rampage  +   (no gloves)
Will    .....                   b - +0 pair of boots
Stlth   ++........              k - amulet of reflection
HPRegen 0.17/turn               p - +6 ring of dexterity
MPRegen 0.16/turn               m - ring of Ackele {Fly rPois Will- rCorr}

@: flying
A: fangs 1, strong nose, distributed training
a: no special abilities


You were on level 4 of the Dungeon.
You visited 1 branch of the dungeon, and saw 5 of its levels.

You collected 160 gold pieces.

Inventory:

Hand Weapons
 a - a +0 quarterstaff (weapon)
Missiles
 c - 6 javelins (quivered)
Armour
 b - a +0 pair of boots (worn)
 d - a +0 cloak (worn)
 f - a +0 leather armour
 r - a +1 plate armour of fire resistance
 t - the +1 ring mail of the Merchant (worn) {Rampage rElec Slay+3}
   (You found it on level 3 of the Dungeon)

   Slay:      It affects your accuracy & damage with ranged weapons and melee
   (+3).
   rElec:     It insulates you from electricity.
   Rampage:   It bestows one free step when moving towards enemies.
Jewellery
 k - an amulet of reflection (around neck)
 m - the ring of Ackele (right hand) {Fly rPois Will- rCorr}
   (You took it off a kobold on level 2 of the Dungeon)

   [ring of flight]

   rPois:     It protects you from poison.
   Fly:       It grants you flight.
   rCorr:     It protects you from acid and corrosion.
   Will:      It decreases your willpower.
 p - a +6 ring of dexterity (left hand)
 y - an amulet of regeneration
 C - an amulet of faith
Wands
 B - a wand of digging (4)
Scrolls
 g - 6 scrolls of identify {unknown}
 j - 2 scrolls of enchant weapon {unknown}
 o - a scroll of teleportation {unknown}
 q - a scroll of vulnerability {unknown}
 s - a scroll of amnesia {unknown}
 u - a scroll of magic mapping {unknown}
 v - a scroll of brand weapon {unknown}
 w - a scroll of enchant armour {unknown}
 x - a scroll of holy word {unknown}
Potions
 e - a potion of curing {unknown}
 h - a potion of degeneration {unknown}
 i - a potion of heal wounds {unknown}
 l - a potion of attraction {unknown}
 n - 2 potions of mutation {unknown}
 z - 2 potions of brilliance {unknown}
 A - a potion of lignification {unknown}
 D - a potion of flight {unknown}


   Skills:
 + Level 3.4 Fighting
 + Level 2.2 Short Blades
 + Level 2.2 Long Blades
 + Level 2.2 Axes
 + Level 2.2 Maces & Flails
 + Level 2.2 Polearms
 + Level 3.4 Staves
 + Level 2.2 Slings
 + Level 2.2 Bows
 + Level 2.2 Crossbows
 + Level 2.2 Throwing
 + Level 2.2 Armour
 + Level 6.9 Dodging
 + Level 2.2 Stealth
 + Level 2.2 Shields
 + Level 2.2 Unarmed Combat
 + Level 7.5 Spellcasting
 + Level 1.8 Conjurations
 + Level 1.8 Hexes
 + Level 1.8 Summonings
 + Level 1.8 Necromancy
 + Level 1.8 Translocations
 + Level 1.8 Transmutations
 + Level 1.8 Fire Magic
 + Level 1.8 Ice Magic
 + Level 1.8 Air Magic
 + Level 1.8 Earth Magic
 + Level 1.8 Poison Magic
 + Level 2.5 Invocations
 + Level 3.4 Evocations


You had 21 spell levels left.
You didn't know any spells.
Your spell library contained the following spells:

 Spells                   Type           Power      Damage    Failure   Level
 Animate Skeleton         Necr           12%        N/A       22%         1
 Beastly Appendage        Tmut           12%        N/A       22%         1
 Magic Dart               Conj           24%        1d4       22%         1
 Poisonous Vapours        Pois/Air       12%        N/A       34%         2
 Sublimation of Blood     Necr           6%         N/A       34%         2
 Wereblood                Tmut           6%         N/A       34%         2
 Spider Form              Tmut/Pois      6%         N/A       56%         3


Dungeon Overview and Level Annotations

Branches:
Dungeon (5/15)
 Temple: D:4-7

Altars:
Fedhas
Gozag
Kikubaaqudgha
Sif Muna

Shops:
D:2 :?


Innate Abilities, Weirdness & Mutations

You have very sharp teeth.
Your uncanny sense of smell can sniff out nearby items.
Your experience applies equally to all skills.


Message History

You closely miss the orc. You bite the orc.
The orc is almost dead.
The orc hits you but does no damage.
You hit the orc but do no damage.
The orc is almost dead.
The orc barely misses you.
You hit the orc but do no damage. You bite the orc.
You kill the orc!
You fly downwards.
The orc shouts!
You block the jackal's attack. The jackal barely misses you.
The orc misses you. The jackal barely misses you.
The orc throws a boomerang.
The boomerang misses you. The ogre hits you with a +0 giant club.
There is a stone staircase leading up here.
You block the jackal's attack. The jackal barely misses you.
The orc hits you with a +0 short sword. The orc hits you with a +0 dagger.
The orc throws a boomerang.
You reflect the boomerang off an invisible shield around you!
The boomerang closely misses the orc.
The jackal bites you. The ogre closely misses you.
You fly upwards.
There is a stone staircase leading down here.
You barely miss the ogre. You bite the ogre.
The ogre is lightly wounded.
You hit the ogre but do no damage.
The ogre is lightly wounded.
The ogre barely misses you. The jackal barely misses you.
You barely miss the ogre.
The ogre is lightly wounded.
The jackal closely misses you.
The ogre hits you with a +0 giant club!!
The jackal bites you but does no damage.
You sock the ogre! You bite the ogre, but do no damage.
The ogre is moderately wounded.
The jackal completely misses you. The ogre closely misses you.
You hit the ogre.
The ogre is heavily wounded.
The jackal bites you but does no damage.
The ogre hits you with a +0 giant club!!
You die...

#.# ##.## ######....# #
##.## ##...###...####.##
#
#...####.......###..##<#
# #......##.....##
##.##.# #
#...##.###.#..# #...(# #
######.###.#..## ##.####
# #...ooh...###..# #
#####h#.##(..#.# #
#@#.######.# #
#O#........# #
#.########## # #.# # #.#
# #.# ##.## ###########
##...#####..........
#............###.##.


You could see an ogre, 2 orcs and 2 jackals.

Vanquished Creatures
  An ogre (D:2)
  A phantom (D:4)
  A water moccasin skeleton (D:4)
  Jessica (D:2)
  Natasha (thrice) (D:4)
  4 adders
  An ufetubus (D:2)
  5 worms
  5 dart slugs
  4 orcs
  8 endoplasms
  6 giant cockroaches
  9 goblins
  5 hobgoblins
  8 jackals
  5 kobolds
  3 quokkas
  9 ball pythons
  8 bats
  3 frilled lizards
  23 rats
113 creatures vanquished.

Notes
Turn   | Place    | Note
-------+----------+-------------------------------------------
     0 | D:1      | Plasmagod the Gnoll Wanderer began the quest for the Orb.
     0 | D:1      | Plasmagod set off with the following items: a +0
                  | quarterstaff, a +0 pair of boots, a +0 robe; and the
                  | following spells available to memorise: Animate Skeleton,
                  | Magic Dart, Poisonous Vapours, Sublimation of Blood
     0 | D:1      | Reached XP level 1. HP: 17/17 MP: 8/8
    80 | D:1      | Reached XP level 2. HP: 3/23 MP: 10/10
  1028 | D:1      | Reached XP level 3. HP: 18/28 MP: 11/11
  1392 | D:1      | Found a faded altar of an unknown god.
  1398 | D:1      | Reached skill level 1 in Invocations
  1402 | D:1      | Found a faded altar of an unknown god.
  1994 | D:2      | Found Maiwoori's Book Shop.
  2028 | D:2      | Reached skill level 1 in Short Blades
  2028 | D:2      | Reached skill level 1 in Long Blades
  2028 | D:2      | Reached skill level 1 in Axes
  2028 | D:2      | Reached skill level 1 in Maces & Flails
  2028 | D:2      | Reached skill level 1 in Polearms
  2028 | D:2      | Reached skill level 1 in Slings
  2028 | D:2      | Reached skill level 1 in Bows
  2028 | D:2      | Reached skill level 1 in Crossbows
  2028 | D:2      | Reached skill level 1 in Throwing
  2028 | D:2      | Reached skill level 1 in Armour
  2028 | D:2      | Reached skill level 1 in Stealth
  2028 | D:2      | Reached skill level 1 in Shields
  2028 | D:2      | Reached skill level 1 in Unarmed Combat
  2032 | D:2      | Noticed an ogre
  2047 | D:2      | Killed an ogre
  2048 | D:2      | Reached skill level 1 in Conjurations
  2048 | D:2      | Reached skill level 1 in Hexes
  2048 | D:2      | Reached skill level 1 in Summonings
  2048 | D:2      | Reached skill level 1 in Necromancy
  2048 | D:2      | Reached skill level 1 in Translocations
  2048 | D:2      | Reached skill level 1 in Transmutations
  2048 | D:2      | Reached skill level 1 in Fire Magic
  2048 | D:2      | Reached skill level 1 in Ice Magic
  2048 | D:2      | Reached skill level 1 in Air Magic
  2048 | D:2      | Reached skill level 1 in Earth Magic
  2048 | D:2      | Reached skill level 1 in Poison Magic
  2048 | D:2      | Reached XP level 4. HP: 14/34 MP: 13/13
  2048 | D:2      | Reached XP level 5. HP: 17/40 MP: 14/14
  2242 | D:2      | Found Kexygo's Magic Scroll Emporium.
  2286 | D:2      | Identified the ring of Ackele {Fly rPois Will- rCorr}
  2741 | D:2      | Noticed Jessica
  2745 | D:2      | Killed Jessica
  2810 | D:3      | Identified the +1 ring mail of the Merchant {Rampage rElec
                  | Slay+3}
  2868 | D:3      | Reached XP level 6. HP: 40/47 MP: 16/16
  3303 | D:3      | Found an ancient bone altar of Kikubaaqudgha.
  3686 | D:4      | Found a shimmering blue altar of Sif Muna.
  3971 | D:4      | Found an opulent altar of Gozag.
  4092 | D:4      | Noticed Natasha
  4097 | D:4      | Killed Natasha
  4161 | D:4      | Found a blossoming altar of Fedhas.
  4537 | D:4      | Noticed Natasha
  4542 | D:4      | Killed Natasha
  4543 | D:4      | Reached XP level 7. HP: 39/52 MP: 18/18
  5001 | D:4      | Noticed Natasha
  5009 | D:4      | Killed Natasha
  5024 | D:5      | Entered Level 5 of the Dungeon
  5046 | D:4      | Slain by an ogre

Illustrated notes

Levels and vault maps discovered:
D:1:      dpeg_arrival_solitude, layout_loops_ring,
          hellmonk_ecumenical_altar_the_god_not_taken, minmay_pentomino_v4
D:2:      layout_basic, serial_shops, shop, shop, minmay_divided_ellipse,
          uniq_jessica
D:3:      layout_basic, mainiacjoe_overflow_alcove_1, corexii_shack,
          minmay_rat_hole
D:4:      layout_loops_corners, lemuel_blue_sif_altar,
          nicolae_gozag_cash_rules_everything_around_me, fedhas_altar_4,
          eino_small_chamber_without_monster, uniq_natasha
D:5:      minmay_chambers_of_threes, layout_basic, cheibrodos_ashenzari_chains,
          minmay_temple_entry_waves, uniq_ijyb

Skill      XL: |  1  2  3  4  5  6 |
---------------+-------------------+-----
Invocations    | 1 2 |  2.5
Short Blades   | 1 2 |  2.2
Long Blades    | 1 2 |  2.2
Axes           | 1 2 |  2.2
Maces & Flails | 1 2 |  2.2
Polearms       | 1 2 |  2.2
Slings         | 1 2 |  2.2
Bows           | 1 2 |  2.2
Crossbows      | 1 2 |  2.2
Throwing       | 1 2 |  2.2
Armour         | 1 2 |  2.2
Stealth        | 1 2 |  2.2
Shields        | 1 2 |  2.2
Unarmed Combat | 1 2 |  2.2
Conjurations   | 1 |  1.8
Hexes          | 1 |  1.8
Summonings     | 1 |  1.8
Necromancy     | 1 |  1.8
Translocations | 1 |  1.8
Transmutations | 1 |  1.8
Fire Magic     | 1 |  1.8
Ice Magic      | 1 |  1.8
Air Magic      | 1 |  1.8
Earth Magic    | 1 |  1.8
Poison Magic   | 1 |  1.8
Fighting       | 3 |  3.4
Staves         | 3 |  3.4
Evocations     | 3 |  3.4
Dodging        | |  6.9
Spellcasting   | |  7.5

Action                   |  1- 3 |  4- 6 |  7- 9 || total
-------------------------+-------+-------+-------++-------
Melee: Quarterstaff      |   152 |   152 |    20 ||   324
       Bite              |    12 |    12 |     5 ||    29
Throw: Javelin           |       |     4 |       ||     4
 Stab: Sleeping          |     3 |     7 |       ||    10
       Distracted        |       |     1 |       ||     1
Armor: Robe              |    18 |       |       ||    18
       Leather armour    |     9 |     8 |       ||    17
       Plate armour      |       |     9 |       ||     9
       Ring mail         |       |    26 |     6 ||    32
Dodge: Dodged            |   132 |    91 |    21 ||   244
Block: Other             |       |    22 |     7 ||    29
       Reflection        |       |       |     2 ||     2
